 Dungeon Crawl Stone Soup version 0.30-a0-354-g6b83867211 (webtiles) character file.

Game seed: 12937617162134194327

238 porpoise the Slasher (level 5, -2/43 HPs)
             Began as a Demonspawn Monk on Nov 8, 2022.
             Killed by divine providence
             ... invoked by an orc priest
              (8 damage)
             ... on level 4 of the Dungeon.
             The game lasted 00:07:10 (2732 turns).

porpoise the Slasher (Demonspawn Monk)              Turns: 2732, Time: 00:07:11

Health: -2/43      AC:  5    Str: 11    XL:     5   Next: 78%
Magic:  5/5        EV: 11    Int: 12    God:
Gold:   158        SH:  0    Dex: 17    Spells: 4/4 levels left

rFire   . . .      SeeInvis .    a - +0 long sword
rCold   . . .      Faith    .    (no shield)
rNeg    . . .      Spirit   .    m - +0 ring mail
rPois   .          Reflect  .    (no helmet)
rElec   .          Harm     .    (no cloak)
rCorr   .          Rampage  .    (no gloves)
Will    .....                    (no boots)
Stlth   +.........               (no amulet)
HPRegen 0.27/turn                (no ring)
MPRegen 0.18/turn                (no ring)

@: no status effects
A: claws 1, powered by death 1, magic regeneration
a: no special abilities


You were on level 4 of the Dungeon.
You visited 1 branch of the dungeon, and saw 4 of its levels.

You collected 158 gold pieces.

Inventory:

Hand Weapons
 a - a +0 long sword (weapon)
 b - a +0 sling
Missiles
 k - 9 poisoned darts (quivered)
 o - 4 boomerangs
Armour
 f - a +0 leather armour of fire resistance
 m - a +0 ring mail (worn)
Jewellery
 h - a ring of positive energy
Scrolls
 d - 3 scrolls of identify
 e - a scroll of teleportation {unknown}
 i - a scroll of blinking {unknown}
 j - a scroll of butterflies {unknown}
 l - a scroll of enchant armour {unknown}
 n - a scroll of immolation {unknown}
Potions
 c - a potion of ambrosia
 g - a potion of brilliance
 p - a potion of mutation
 q - a potion of magic


   Skills:
 + Level 4.4 Fighting
 * Level 5.1 Long Blades
 - Level 2.6 Dodging
 - Level 1.7 Stealth


You had 4 spell levels left.
You didn't know any spells.
Your spell library contained the following spells:

 Spells                   Type           Power      Damage    Failure   Level
 Ensorcelled Hibernation  Hex/Ice        0%         N/A       77%         2
 Passwall                 Tmut/Erth      0%         N/A       77%         2
 Inner Flame              Hex/Fire       0%         N/A       94%         3
 Swiftness                Air            0%         N/A       94%         3
 Flame Wave               Conj/Fire      0%         2d4       100%        4
 Sticky Flame             Conj/Fire      0%         2d3       100%        4


Dungeon Overview and Level Annotations

Branches:
Dungeon (4/15)
 Temple: D:4-7

Altars:
Dithmenos

Annotations:
D:3 1 runed translucent door, Maxmaps's ghost, amateur DsGl


Innate Abilities, Weirdness & Mutations

You have sharp fingernails.
You regenerate a little health from kills.
You regenerate magic rapidly.


Message History

An orc comes into view. It is wielding a +0 dagger.
An orc priest comes into view. It is wielding a +0 dagger.
You close the door, pushing everything out of the way.
You see here a +0 club.
You start resting.
A dart slug comes into view.
An orc priest comes into view. It is wielding a +0 falchion.
The orc priest shouts!
The orc shouts!
You hear a shout!
An orc priest comes into view. It is wielding a +0 club.
The orc priest shouts! x2
The orc priest calls down the wrath of Beogh upon you.
Pain shoots through your body!
There is an open door here.
You see here 14 gold pieces.
You barely miss the orc priest.
The orc priest hits you with a +0 falchion.
The orc priest closely misses you.
You hit the orc priest.
The orc priest is moderately wounded.
The orc closely misses you. The orc priest barely misses you. x2
You slash the orc priest!
The orc priest is almost dead.
The orc hits you but does no damage.
The orc priest mumbles some strange prayers to Beogh against you.
Beogh smites you!
* * * LOW HITPOINT WARNING * * *
The orc priest hits you but does no damage.
The dart slug launches a dart at you. The slug dart hits you.
* * * LOW HITPOINT WARNING * * *
You closely miss the orc priest.
The orc priest is almost dead.
The orc barely misses you.
The orc priest hits you with a +0 dagger.
* * * LOW HITPOINT WARNING * * *
The dart slug bites you but does no damage.
The orc closely misses you.
The orc priest calls down the wrath of Beogh upon you.
Beogh smites you!
You die...

.##. #.##.o...##.# ...
#..###'###..# ..##
#.........# #
...####.........# ..
......'.........+
#.###...####.........#
#.#<..# ##...o...##
#†#### ##.o.w.## #.#
##o@o## #.# #########'##
.# #.# #.......#)# #.#
#.# #.#####.#.# #.# #.#
#.# #.#.### ###.# #(#
#.#####.....###...#
#.####.#..........##.#.#
#.#....................#
#....####..#####.PP.P..#


You could see 3 orc priests, a dart slug and an orc.

Vanquished Creatures
  A black bear (D:4)
  7 adders
  A worm (D:3)
  A dart slug (D:1)
  8 orcs
  4 bats
  3 endoplasms
  6 giant cockroaches
  5 goblins
  8 hobgoblins
  4 jackals (D:3)
  3 quokkas (D:1)
  8 ball pythons
  A frilled lizard (D:1)
  5 kobolds
  7 rats
72 creatures vanquished.

Notes
Turn   | Place    | Note
-------+----------+-------------------------------------------
     0 | D:1      | porpoise the Demonspawn Monk began the quest for the Orb.
     0 | D:1      | Reached XP level 1. HP: 18/18 MP: 1/1
    61 | D:1      | Reached skill level 3 in Long Blades
    72 | D:1      | Gained mutation: You regenerate a little health from kills.
                  | [demonic ancestry]
    72 | D:1      | Reached XP level 2. HP: 24/24 MP: 2/2
   437 | D:1      | Found a faded altar of an unknown god.
   943 | D:2      | Reached XP level 3. HP: 29/29 MP: 3/3
  1157 | D:2      | Reached skill level 4 in Long Blades
  1157 | D:2      | Gained mutation: You have sharp fingernails. [demonic
                  | ancestry]
  1157 | D:2      | Reached XP level 4. HP: 29/37 MP: 4/4
  1822 | D:3      | Found a runed translucent door.
  1822 | D:3      | Noticed Maxmaps's ghost (amateur DsGl)
  2163 | D:3      | Found a shadowy altar of Dithmenos.
  2416 | D:4      | Gained mutation: You regenerate magic rapidly. [demonic
                  | ancestry]
  2416 | D:4      | Reached XP level 5. HP: 42/42 MP: 5/5
  2652 | D:4      | Noticed a black bear
  2671 | D:4      | Killed a black bear
  2672 | D:4      | Reached skill level 5 in Long Blades
  2732 | D:4      | Killed from afar by an orc priest

Illustrated notes

Levels and vault maps discovered:
D:1:      dpeg_arrival_tiny_j, layout_loops_ring,
          dreamdust_ecumenical_altar_statues
D:2:      layout_basic, st_stairs_6, minmay_worlds_worst_comb
D:3:      layout_rooms, nicolae_dithmenos_shadow_blocks,
          hellmonk_ghost_happy_afterlife
D:4:      corexii_shack_village, layout_loops_corners,
          grunt_temple_overflow_forces_of_nature, lemuel_crystal_altar,
          minmay_box_of_dots

Skill      XL: |  1  2  3  4  5 |
---------------+----------------+-----
Long Blades    | 3 4 5 |  5.1
Fighting       | 4 |  4.4
Dodging        | |  2.6
Stealth        | |  1.7

Action                   |  1- 3 |  4- 6 || total
-------------------------+-------+-------++-------
Melee: Falchion          |    76 |       ||    76
       Punch             |     1 |       ||     1
       Long sword        |    23 |   120 ||   143
Throw: Dart              |     3 |     9 ||    12
  Use: Scroll            |       |     3 ||     3
 Stab: Sleeping          |     3 |     3 ||     6
Armor: Leather armour    |    17 |     5 ||    22
       Ring mail         |       |    31 ||    31
Dodge: Dodged            |    67 |    97 ||   164

Table legend: (Time is in decaauts)
 A = Elapsed time spent in this place.
 B = Non-inter-level travel time spent in this place.
 C = Inter-level travel time spent in this place.
 D = Time resting spent in this place.
 E = Time spent auto-exploring this place.
 F = Levels seen in this place.
 G = Mean time per level.
                   A        B        C        D        E       F      G
               +--------+--------+--------+--------+--------+-----+--------+
         Total |   2767 |   2694 |     73 |    790 |   1253 |   4 |  691.8 |
       Dungeon |   2767 |   2694 |     73 |    790 |   1253 |   4 |  691.8 |
               +--------+--------+--------+--------+--------+-----+--------+

Top non-repeatable levels by time:
     D:1: 895 daAuts
     D:3: 788 daAuts
     D:2: 751 daAuts
     D:4: 330 daAuts
